Cogmind - Beta 13 @@@ ROGUE MODE // 2024.04.23 @ 11:10:47 Player: graour Result: Destroyed by Y-54 Guardian with Gatling Laser Performance ------------- Evolutions (0) 0 Regions Visited (4) 800 Robots Destroyed (21) 105 Value Destroyed (346) 346 Prototype IDs (0) 0 Alien Tech Used (0) 0 Bonus (13) 13 TOTAL SCORE: 1264 Bonus ------- High Alert Combat Kills 13 Cogmind --------- Core Integrity 0/250 Matter 249/300 Energy 191/290 System Corruption 1% Temperature Cool (98) Movement Rolling (115) Ox1 Location -7/Recycling Parts ------- > --- POWER (1) -------- Improved Deuterium Engine > --- PROPULSION (2) --- Compact Wheel > --- UTILITY (2) ------ Improved Heat Sink Small Storage Unit > --- WEAPON (2) ------- Gatling Laser Barrage Gun > --- INVENTORY (8) ---- Compact Wheel Scrap Engine High-capacity Battery (250) Large Matter Pod (150) Tractor Beam Small Laser Ripper Peak State ------------ > --- POWER ------------ Improved Deuterium Engine > --- PROPULSION ------- Wheel Compact Wheel > --- UTILITY ---------- Improved Heat Sink Small Storage Unit > --- WEAPON ----------- Gatling Laser Ripper > --- INVENTORY -------- Compact Wheel Scrap Engine High-capacity Battery Large Matter Pod Tractor Beam Small Laser Barrage Gun [Rating: 20] Favorites ----------- Power Light Ion Engine Engine Light Ion Engine Propulsion Wheel Wheel Wheel Utility Small Storage Unit Device Heat Sink Storage Small Storage Unit Weapon Medium Laser Energy Gun Medium Laser Ballistic Gun Barrage Gun Launcher Grenade Launcher Slashing Weapon Makeshift Sword Build | -11 -10 -10 -10 -7 ------- Run | Yrd Mat Min Sub Rec Slots Evolved . | . . . . . Power . | . . . . . Propulsion . | . . . . . Utility . | . . . . . Weapon . | . . . . . Parts Attached 27 | 6 6 . 4 11 Power 4 | 1 1 . . 2 Engine 4 | 1 1 . . 2 Core . | . . . . . Reactor . | . . . . . Propulsion 6 | 2 . . 1 3 Treads . | . . . . . Leg . | . . . . . Wheel 6 | 2 . . 1 3 Hover . | . . . . . Flight . | . . . . . Utility 7 | 1 3 . 1 2 Device 5 | . 3 . 1 1 Storage 2 | 1 . . . 1 Processor . | . . . . . Hackware . | . . . . . Protection . | . . . . . Artifact . | . . . . . Weapon 10 | 2 2 . 2 4 Energy Gun 6 | 2 2 . . 2 Energy Cannon . | . . . . . Ballistic Gun 1 | . . . . 1 Ballistic Cannon . | . . . . . Launcher 1 | . . . 1 . Special Weapon . | . . . . . Impact Weapon . | . . . . . Slashing Weapon 2 | . . . 1 1 Piercing Weapon . | . . . . . Special Melee Weapon . | . . . . . Unidentified Prototypes . | . . . . . Parts Lost 9 | . 2 . 5 2 Power 2 | . 1 . 1 . Propulsion 3 | . . . 2 1 Utility 2 | . 1 . 1 . Weapon 2 | . . . 1 1 Highest Loss Streak 5 | . 1 . 5 2 To Critical Strikes . | . . . . . Average Slot Usage (%) 88 | . 92 85 88 75 Engine 12 | . 14 14 10 8 Wheel 27 | . 28 28 26 23 Device 5 | . 6 . 9 2 Storage 14 | . 14 14 14 14 Energy Gun 23 | . 28 28 14 11 Slashing Weapon 3 | . . . 11 11 Naked Turns . | . . . . . Heaviest Build 16 | 11 12 11 13 16 Greatest Support 30 | 20 20 20 30 26 Greatest Overweight (x) 2 | . . . 2 . Average Overweight (x) . | . . . . . Largest Inventory Capacity 8 | 8 8 8 8 8 Average Capacity 7 | 6 8 8 8 8 Most Carried 8 | 5 8 8 8 8 Average Carried 7 | 3 7 8 7 7 Final Capacity 8 | 8 8 8 8 8 Final Carried 8 | 5 8 8 8 8 Class Distribution -------------------- 100% | Mutant Dominant Class ---------------- Mutant | -10/Materials Mutant | -10/Mines Mutant | -10/Subcaves Mutant | -7/Recycling Resources | -11 -10 -10 -10 -7 ----------- Run | Yrd Mat Min Sub Rec Matter Collected 580 | 260 205 . 30 85 Remotely 160 | . 160 . . . Salvage Created 875 | 97 354 . 67 357 Parts 46 | 2 24 . 5 15 Haulers Intercepted . | . . . . . Recyclers Shooed 1 | . 1 . . . Parts Field Recycled . | . . . . . Retrieved Matter . | . . . . . Parts Self-Destructed 20 | . . . 20 . Prevented . | . . . . . Kills | -11 -10 -10 -10 -7 ------- Run | Yrd Mat Min Sub Rec Combat Hostiles Destroyed 15 | . 10 . 4 1 Melee 3 | . . . 2 1 Guns 12 | . 10 . 2 . Classes Destroyed 6 | 1 4 . . 1 Recycler 4 | 1 1 . . 2 Operator 1 | . 1 . . . Watcher 1 | . 1 . . . Swarmer 10 | . 6 . 4 . Grunt 4 | . 4 . . . Sentry 1 | . . . . 1 Best Kill Streak 6 | 1 6 . 4 2 Combat Bots Only 5 | . 5 . 4 1 Max Kills in Single Turn 2 | 1 2 . 1 1 Gunslinging 1 | . 1 . . . Exploded . | . . . . . Melee 1 | . . . 1 1 Uniques/NPCs Destroyed . | . . . . . Combat | -11 -10 -10 -10 -7 -------- Run | Yrd Mat Min Sub Rec Hostile Shots Fired 178 | . 31 . 99 48 Missed 60 | . 8 . 41 11 Damage Taken 949 | . 254 . 421 274 Core 252 | . 37 . 126 89 Absorbed by Shields . | . . . . . Core Remaining (%) 100 | 100 . . . . Volleys Fired 41 | 2 28 . 7 4 Largest 2 | 2 2 . 1 2 Hottest 108 | 90 90 . 50 108 Shots Fired 75 | 4 56 . 7 8 Gun 73 | 4 56 . 5 8 Cannon . | . . . . . Launcher 2 | . . . 2 . Special . | . . . . . Kinetic 4 | . . . . 4 Thermal 69 | 4 56 . 5 4 Explosive 2 | . . . 2 . Electromagnetic . | . . . . . Robot Hit Streak 18 | 3 11 . 7 18 Robot Miss Streak 2 | . 2 . 1 1 Penetration Max . | . . . . . Secondary Targets 4 | . 4 . . . Max Gunslinging Chain 1 | . 1 . . . Shots Hit Robots 70 | 3 43 . 8 16 Core Hits 34 | 2 21 . 4 7 Critical Kills . | . . . . . Critical Parts Destroyed . | . . . . . Critical Strikes 2 | . 1 . . 1 Burn 1 | . 1 . . . Sever 1 | . . . . 1 Melee Attacks 21 | . . . 13 8 Impact . | . . . . . Slashing 21 | . . . 13 8 Piercing . | . . . . . Sneak Attacks 3 | . . . . 3 Combat Hostiles 1 | . . . . 1 Follow-up Attacks . | . . . . . Damage Inflicted 1431 | 35 507 . 199 690 Guns 784 | 35 507 . 49 193 Cannons . | . . . . . Explosions 6 | . . . 6 . Melee 641 | . . . 144 497 Ramming . | . . . . . Kinetic 73 | . . . . 73 Thermal 711 | 35 507 . 49 120 Explosive 6 | . . . 6 . Electromagnetic . | . . . . . Impact . | . . . . . Slashing 641 | . . . 144 497 Piercing . | . . . . . Highest Corruption 1 | . 1 1 1 1 Average Corruption 1 | . 1 1 1 1 Corruption Purged . | . . . . . Corruption Blocked . | . . . . . Effects 7 | . 2 2 2 1 Message Errors 1 | . . . 1 . Matter Fused 1 | . . . . 1 Energy Discharges 2 | . . 2 . . Data Loss (minor) 2 | . 2 . . . Alerts 1 | . . . 1 . Overload Shots . | . . . . . Overflow Damage 62 | . . . . 62 Projectiles . | . . . . . Explosions . | . . . . . Melee 62 | . . . . 62 Knockbacks . | . . . . . Impact . | . . . . . Kinetic . | . . . . . Secondary . | . . . . . Self-Inflicted Damage . | . . . . . Shots . | . . . . . Rammed . | . . . . . Targets Rammed . | . . . . . Kicked . | . . . . . Crushed . | . . . . . Highest Temperature 318 | 60 318 . . 92 Average Temperature 115 | 33 135 . . 51 Received Heat Transfer 429 | . 57 . 282 90 Siege Activations . | . . . . . Robots Corrupted . | . . . . . Combat Hostiles . | . . . . . Parts Fried . | . . . . . Impact Corruptions . | . . . . . Robots Melted . | . . . . . Combat Hostiles . | . . . . . Parts Melted 9 | 1 6 . 1 1 Heat Transferred 1959 | 99 1437 . 148 275 Parts Sabotaged . | . . . . . Parts Stolen . | . . . . . Parts Stripped . | . . . . . Power Chain Reactions . | . . . . . Alert | -11 -10 -10 -10 -7 ------- Run | Yrd Mat Min Sub Rec Peak Influence 448 | 5 253 28 . 448 Initial 418 | . 3 28 . 418 Average 141 | 2 126 28 . 430 Maximum Alert Level 2 | . 1 . . 2 Low Security (%) 77 | 100 86 100 . . Level 1 7 | . 13 . . . Level 2 14 | . . . . 100 Level 3 . | . . . . . Level 4 . | . . . . . Level 5 . | . . . . . High Security . | . . . . . Max Security . | . . . . . Squads Dispatched 1 | . 1 . . . Investigation . | . . . . . Extermination . | . . . . . Reinforcement 1 | . 1 . . . Assault . | . . . . . Garrison . | . . . . . Intercept . | . . . . . Searches Triggered . | . . . . . Construction Impeded . | . . . . . Haulers Reinforced . | . . . . . Active Scanning Responses . | . . . . . Cargo Convoy Interrupts . | . . . . . Stealth | -11 -10 -10 -10 -7 --------- Run | Yrd Mat Min Sub Rec Distress Signals 1 | . 1 . . . Communications Jammed . | . . . . . Distress Signals . | . . . . . Times Spotted 68 | . 16 . 49 3 Peak Tracking Total 6 | . 5 . 6 3 Tactical Retreats 4 | . . . 4 . Traps | -11 -10 -10 -10 -7 ------- Run | Yrd Mat Min Sub Rec Traps Triggered 1 | . 1 . . . Indirectly . | . . . . . Trap Hack Attempts . | . . . . . Triggered . | . . . . . Disarmed . | . . . . . Reprogrammed . | . . . . . Reused . | . . . . . Traps Extracted . | . . . . . Installed . | . . . . . Triggered . | . . . . . Machines | -11 -10 -10 -10 -7 ---------- Run | Yrd Mat Min Sub Rec Machines Disabled 1 | . . . 1 . Max in Single Turn 1 | . . . 1 . Machines Repaired . | . . . . . Machines Dismantled . | . . . . . Machines Sabotaged . | . . . . . Overloaded Fab Kills . | . . . . . Hacking | -11 -10 -10 -10 -7 --------- Run | Yrd Mat Min Sub Rec Machines Accessed 6 | . 6 . . . Terminals 4 | . 4 . . . Fabricators . | . . . . . Repair Stations . | . . . . . Recycling Units 2 | . 2 . . . Scanalyzers . | . . . . . Garrison Access . | . . . . . Total Hacks 15 | . 15 . . . Successful 6 | . 6 . . . Failed 9 | . 9 . . . Catastrophic 3 | . 3 . . . Database Lockouts . | . . . . . Manual 11 | . 11 . . . Terminals 12 | . 12 . . . Fabricators . | . . . . . Repair Stations . | . . . . . Recycling Units 3 | . 3 . . . Scanalyzers . | . . . . . Garrison Access . | . . . . . Terminal Hacks 2 | . 2 . . . Branch Access Points 1 | . 1 . . . Zone Layout 1 | . 1 . . . Fabricator Hacks . | . . . . . Repair Station Hacks . | . . . . . Recycling Unit Hacks 1 | . 1 . . . Retrieve Components 1 | . 1 . . . Scanalyzer . | . . . . . Garrison Access Hacks . | . . . . . Unauthorized Hacks 3 | . 3 . . . Terminals 3 | . 3 . . . Track 1 | . 1 . . . Assimilate 1 | . 1 . . . Operators 1 | . 1 . . . Fabricators . | . . . . . Repair Stations . | . . . . . Recycling Units . | . . . . . Scanalyzers . | . . . . . Garrison Access . | . . . . . Data Cores Recovered . | . . . . . Used . | . . . . . Hacking Detections 5 | . 5 . . . Full Trace Events . | . . . . . Feedback Events . | . . . . . Feedback Blocked . | . . . . . Robot Schematics Acquired . | . . . . . Robots Built . | . . . . . Authchips . | . . . . . Time . | . . . . . Total Robot Build Rating . | . . . . . Part Schematics Acquired . | . . . . . Parts Built . | . . . . . Authchips . | . . . . . Time . | . . . . . Total Part Build Rating . | . . . . . Parts Repaired . | . . . . . Time . | . . . . . Parts Recycled . | . . . . . Recycled Matter . | . . . . . Retrieved Matter . | . . . . . Retrieved Components 1 | . 1 . . . Parts Scanalyzed . | . . . . . Part Schematics Acquired . | . . . . . Parts Damaged . | . . . . . Bothacking | -11 -10 -10 -10 -7 ------------ Run | Yrd Mat Min Sub Rec Used RIF Installer . | . . . . . Robots Hacked . | . . . . . Non-combat . | . . . . . Combat . | . . . . . Robot Hacks Applied . | . . . . . Relay Couplers Released . | . . . . . Fabnet Peak Effective % . | . . . . . Robots Rewired . | . . . . . Allies Hacked . | . . . . . Hacks Repelled . | . . . . . Allies | -11 -10 -10 -10 -7 -------- Run | Yrd Mat Min Sub Rec Total Allies 1 | . 1 . . . Largest Group 1 | . 1 1 1 . Highest-Rated Group 10 | . 10 10 10 . Highest-Rated Ally 10 | . 10 10 10 . Total Orders . | . . . . . Ally Attacks . | . . . . . Total Damage . | . . . . . Kills . | . . . . . Allies Corrupted . | . . . . . Allies Melted . | . . . . . Intel | -11 -10 -10 -10 -7 ------- Run | Yrd Mat Min Sub Rec Robot Analysis Total . | . . . . . Derelict Logs Recovered 2 | . . . 2 . Drone Launches . | . . . . . Drone Recoveries . | . . . . . Exploration | -11 -10 -10 -10 -7 ------------- Run | Yrd Mat Min Sub Rec Turns Passed 1079 | 66 514 175 197 127 Spaces Moved 688 | 58 376 9 154 91 Core 5 | 1 . . 4 . Treads . | . . . . . Legs . | . . . . . Wheels 683 | 57 376 9 150 91 Hover . | . . . . . Flight . | . . . . . Fastest Speed 50 | 50 80 80 80 80 Average Speed 84 | 79 80 80 95 86 Slowest Speed 150 | 80 80 80 150 90 Overloaded Moves . | . . . . . Propulsion Burnouts . | . . . . . Robots Hopped . | . . . . . Cave-ins Triggered . | . . . . . Exploration Rate (%) 21 | 3 64 7 15 16 Regions Visited 4 Branch Regions 3 Pre-discovered Areas 1 | . . . 1 . Known Exits Taken 1 | . 1 . . . Unknown Exits Taken 3 | 1 . 1 1 . Scrap Searched 1 | . . . 1 . Spaces Dug . | . . . . . Terrain Destroyed 9 | . . . 9 . Melee . | . . . . . Projectile . | . . . . . AOE 9 | . . . 9 . Terrain Rammed . | . . . . . Walls Destroyed . | . . . . . Machines Disabled . | . . . . . Actions | -11 -10 -10 -10 -7 --------- Run | Yrd Mat Min Sub Rec Total 1084 | 70 533 176 185 120 Wait 284 | . 116 168 . . Move 684 | 57 375 8 153 91 Hop . | . . . . . Pick Up 16 | 5 5 . 4 2 Fast Attach 11 | 6 . . . 5 Attach 6 | . 2 . 1 3 Detach . | . . . . . Swap 10 | . 4 . 3 3 Drop 11 | . 3 . 4 4 Fire 41 | 2 28 . 7 4 Melee 21 | . . . 13 8 Ram . | . . . . . Kick . | . . . . . Crush . | . . . . . Escape Stasis . | . . . . . Rewire . | . . . . . Trap . | . . . . . Miscellaneous . | . . . . . Route ------- -11/Scrapyard -10/Materials (discovered 3 exits: [*Mat x2] / *Min) -10/Mines -10/Subcaves -7/Recycling History --------- Turn | Location | Event 26 | -11/Scrapyard | Discovered new exit (range 16) 67 | -11/Scrapyard | Entered Materials 181 | -10/Materials | Identified exit to Mines 281 | -10/Materials | Discovered new exit (range 7) 312 | -10/Materials | Build established: Mutant 364 | -10/Materials | Discovered new exit (range 15) 581 | -10/Materials | Entered Mines 581 | -10/Mines | Accompanied by 1 ally 736 | -10/Mines | Discovered new exit (range 6) 756 | -10/Mines | Entered Subcaves 756 | -10/Subcaves | Accompanied by 1 ally 759 | -10/Subcaves | Learned Materials garrison access intel 788 | -10/Subcaves | Shifting Twisted Machinery released Ripper 807 | -10/Subcaves | Shifting Twisted Machinery released Barrage Gun 937 | -10/Subcaves | Discovered new exit (range 16) 947 | -10/Subcaves | Core integrity fell below 50% 953 | -10/Subcaves | Entered Recycling 960 | -7/Recycling | Found Scrap Engine 979 | -7/Recycling | Lost 5 parts (1p2n1u1w) 1053 | -7/Recycling | Core integrity fell below 20% 1080 | -7/Recycling | Destroyed by Y-54 Guardian with Gatling Laser Last Messages --------------- 01022_ System corrupted: Matter fused (-10). 01048_ Sneak attack on Y-54 Guardian. 01048_ Y-54 Guardian Lgt. Treads severed. 01049_ Y-54 Guardian springs to life. 01049_ Med. Laser destroyed. 01051_ R-06 Scavenger collects Lgt. Treads. 01053_ Y-54 Guardian destroyed. 01054_ R-06 Scavenger collects Lgt. Treads. 01056_ Acquired 5 matter. 01057_ Sneak attack on R-06 Scavenger. 01057_ R-06 Scavenger destroyed. 01060_ Acquired Gatling Laser. 01063_ Acquired Imp. Heat Sink. 01066_ Dropped Lgt. Ion Engine. 01073_ Wheel destroyed. 01077_ R-06 Scavenger collects Lgt. Ion Engine. 01078_ Y-54 Guardian heat spikes uncontrollably. 01078_ Melted Lgt. Treads. 01080_ Y-54 Guardian heat damages Imp. Light Armor Plating. Map ----- +----------------------------------------------------+ | ????????????????????????????????? | | ????????????????????????????????? | | ????????????????????????????????? | | ????????????????????????????????? | | ????????????????????????????????? | | ????????????????????????????????? | | ????????????????????????????????? | | ????????????????????????????????? | | ????????????????????????????????? | | ???????????????????????? ???? | | ??????????????????????? #??? | | ??????????????????????? #??? | | ???????????????????????# ##?? | | ???????????????????????# **?? | | ???????????????????????# *??? | | ???????????????????????# *??? | | ???????????????????????# #??? | | ???????????????????????# #??? | | ???????????????????????# ###? | | ???????????????????????# ""#? | | ???????????????????????# Y"#? | | ???????????????????????# ""?? | | ???????????????????????# #??? | | ???????????????????????# != #??? | | ???????????????????????# %!= #??? | | ???????????????????????#r@ =#??? | | ?????????????????##????#Y#%###??? | | ????????????????? ????#Y###????? | | ????????????????? ????# #??????? | | ????????????????? ????# ####???? | | ?????????????? ?? #???# #???? | | ????????????? ???# #???? | | ???????????? ##### #???? | | ???????????? ###?? | | ???????????????### !!#?? | | ?????????????????# !!#?? | | ?????????????????# !!#?? | | ?????????????????# ######## ###?? | | ?????????????#####/######## #???? | | ?????????????# # #???? | | ?????????????# # #???? | | ?????????????# % # #???? | | ?????????????# # ##### | | ?????????????# # # | | ?????????????# # # | | ????????????## + # | | ????????????#% # # | | ????????????## # # | | ?????????????# ## ## | | ?????????????# ## #? | +----------------------------------------------------+ Best States ------------- Heat Dissipation 39 Energy Generation 16 Energy Capacity 290 Matter Stores 300 Matter Capacity 300 Sight Range 16 Terrain Scan Density 10 Evasion (%) 44 Item Schematics ----------------- None Robot Schematics ------------------ None Fabricated ------------ Nothing Alien Tech Used ----------------- None Achievements -------------- None Challenges ------------ None Game ------ Seed CloakingRegenerativeBlaster Manual? 0 Play Time 00:14:41 Cumulative 40.6 hours Start 2024.04.23 @ 10:58:13 End 2024.04.23 @ 11:10:47 Sessions 1 Manual Loads 0 Difficulty Rogue Special Mode None Game No. 61 Rogue 61 Adventurer 0 Explorer 0 Win Type - Total 0 Types 0/0/0/0/0/0/0/0/0 Lore% 37 Gallery% 44 Achievement% 30 Wizard Run 0 Options --------- Layout 1 ASCII 0 Keyboard 1 Movement Arrows Keybinds 0 Fullscreen 2 Font 24/Smallcaps Map View 50x35 Zoom Use 0% Tactical HUD 1 Map Filters NONE Filters NONE Steam 1 RUN: 573fa09c-79f0-41e7-8917-5ceaaaf321dd